 Dungeon Crawl Stone Soup version 0.31-a0-455-g1a7b003ef0 (webtiles) character file.

Game seed: 1982243770064524619

336 Ofeo the Changeling (level 6, 37/48 HPs)
             Began as a Demonspawn Shapeshifter on Aug 4, 2023.
             Was an Initiate of Gozag.
             Quit the game on level 5 of the Dungeon.
             The game lasted 00:03:59 (4408 turns).

Ofeo the Changeling (Demonspawn Shapeshifter)       Turns: 4408, Time: 00:03:59

Health: 37/48      AC:  8    Str: 23    XL:     6   Next: 28%
Magic:  6/6        EV: 11    Int: 10    God:    Gozag
Gold:   500        SH:  0    Dex: 13    Spells: 5/5 levels left

rFire   . . .        l - +2 dagger (drain)
rCold   . . .        (no shield)
rNeg    . . .        u - +0 scale mail
rPois   .            (helmet currently unavailable)
rElec   .            (cloak currently unavailable)
rCorr   .            (gloves currently unavailable)
SInv    .            (boots currently unavailable)
Will    .....        (no amulet) Stlth
                     f - +6 ring of strength
HPRegen 0.28/turn    p - ring of flight
MPRegen 0.10/turn

%: no passive effects
@: beast-form, gold aura, flying
A: beast (slay +2), claws 1, slimy green scales 1, demonic guardian 1, ignite
blood 1
a: Begin Untransformation, Renounce Religion, Potion Petition, Call Merchant,
Bribe Branch


You were on level 5 of the Dungeon.
You worshipped Gozag.
Gozag was pleased with you.
You were a hulking beast.
You visited 1 branch of the dungeon, and saw 5 of its levels.

You collected 524 gold pieces.
You paid 24 gold pieces to Gozag.

Inventory:

Hand Weapons
 l - a +2 dagger of draining (weapon)
Missiles
 q - a throwing net
 t - 5 poisoned darts
Armour
 a - a +0 animal skin
 d - a +0 pair of gloves
 k - a +0 pair of boots
 u - a +0 scale mail (worn)
Jewellery
 f - a +6 ring of strength (left claw)
 p - a ring of flight (right claw)
Talismans
 c - a beast talisman (active)
 r - a serpent talisman
Wands
 A - a wand of paralysis (12)
Scrolls
 e - a scroll of teleportation {unknown}
 h - 4 scrolls of identify {unknown}
 i - 3 scrolls of silence {unknown}
 j - 2 scrolls of torment {unknown}
 m - 2 scrolls of enchant armour {unknown}
 n - a scroll of brand weapon {unknown}
 o - a scroll of immolation {unknown}
 x - a scroll of acquirement {unknown}
 y - 2 scrolls of noise {unknown}
Potions
 b - a potion of lignification
 g - 2 potions of mutation {unknown}
 s - a potion of cancellation {unknown}
 v - a potion of heal wounds {unknown}
 w - a potion of might {unknown}
 z - 2 potions of curing {unknown}


   Skills:
 + Level 3.7 Fighting
 + Level 3.6 Dodging
 - Level 2.9 Unarmed Combat
 + Level 3.8 Shapeshifting


You had 5 spell levels left.
You didn't know any spells.
Your spell library was empty.

Dungeon Overview and Level Annotations

Branches:
Dungeon (5/15)             Temple (0/1) D:4

Altars:
Gozag
Wu Jian


Innate Abilities, Weirdness & Mutations

You are a hulking beast.
Your limbs bulge with bestial killing power. (Slay +2)
You have sharp fingernails.
You are partially covered in slimy green scales. (AC +2)
A weak demonic guardian rushes to your aid.
Your demonic aura sometimes causes spilled blood to erupt in flames.


Message History

No target in view!
No target in view!
No target in view!
No target in view!
No target in view!
No target in view!
No target in view!
No target in view!
No target in view!
Your white imp disappears in a puff of smoke!
A hound comes into view.
You regained 7 hp, and now have 42/47 hp.
A hound is nearby!
A hound is nearby!
The hound barks!
The hound stops to sniff the ground.
You see here 5 gold pieces.
Found a stone staircase leading down.
The hound bites you. The hound barely misses you.
You take 3 damage, and have 39/47 hp.
You hit the hound.
The hound is lightly wounded.
The hound misses you.
You miss the hound. You claw the hound.
The hound is heavily wounded.
The hound barely misses you. The hound bites you.
You take 4 damage, and have 36/47 hp.
You puncture the hound! You drain the hound.
You kill the hound!
No target in view!
No target in view!
No target in view!
No target in view!
No target in view!
No target in view!
No target in view!
No target in view!
No target in view!
No target in view!
Are you sure you want to abandon this character and quit the game? (Confirm with "yes".)

.### ### ...... ..###
...... #..)# ......
###)## ####.....>
#..##########...#.....
###.....................
...........##....$......
###........##...h...(...
#..........$$.........
##...........$....!....
#.........##.$.........
#.......>.##...........
#.........##.........##
##.........###.....##.#
....###########...## .#
....................


There were no monsters in sight!

Vanquished Creatures
  A scorpion (D:4)
  2 hounds (D:5)
  2 iguanas
  Terence (D:3)
  3 adders
  A shadow imp (D:5)
  2 worms (D:2)
  3 dart slugs
  13 orcs
  4 endoplasms
  7 giant cockroaches
  3 hobgoblins
  5 jackals
  2 kobolds (D:3)
  5 quokkas
  3 ball pythons
  5 bats
  5 frilled lizards
  8 goblins
  5 rats
80 creatures vanquished.

Notes
Turn   | Place    | Note
-------+----------+-------------------------------------------
     0 | D:1      | Ofeo the Demonspawn Shapeshifter began the quest for the
                  | Orb.
     0 | D:1      | Reached XP level 1. HP: 15/15 MP: 1/1
   338 | D:1      | Gained mutation: You are partially covered in slimy green
                  | scales. (AC +2) [demonic ancestry]
   338 | D:1      | Reached XP level 2. HP: 12/21 MP: 2/2
  1233 | D:2      | Reached XP level 3. HP: 12/27 MP: 3/3
  1367 | D:2      | Found an opulent altar of Gozag.
  1515 | D:2      | Became a worshipper of Gozag Ym Sagoz the Greedy
  1939 | D:3      | Noticed Terence
  2364 | D:3      | Gained mutation: Your demonic aura sometimes causes spilled
                  | blood to erupt in flames. [demonic ancestry]
  2364 | D:3      | Reached XP level 4. HP: 33/33 MP: 4/4
  2445 | D:3      | Killed Terence
  2670 | D:3      | Found an ornate altar of the Wu Jian Council.
  3271 | D:4      | Noticed a scorpion
  3286 | D:4      | Gained mutation: A weak demonic guardian rushes to your
                  | aid. [demonic ancestry]
  3286 | D:4      | Reached XP level 5. HP: 25/40 MP: 5/5
  3431 | D:4      | Found a staircase to the Ecumenical Temple.
  4074 | D:5      | Entered Level 5 of the Dungeon
  4253 | D:5      | Gained mutation: You have sharp fingernails. [demonic
                  | ancestry]
  4253 | D:5      | Reached XP level 6. HP: 46/47 MP: 6/6
  4408 | D:5      | Quit the game

Illustrated notes

Levels and vault maps discovered:
D:1:      minmay_arrival_shattered_statue, layout_loops_corners
D:2:      layout_rooms, serial_forest, infiniplex_forest_pool,
          infiniplex_forest_lined_4_way, infiniplex_forest_diagonal,
          infiniplex_forest_clump_cross, infiniplex_forest_clump_cross,
          infiniplex_forest_clump_small, infiniplex_forest_clump_small,
          basic_altar, minmay_strange_pillars
D:3:      layout_basic, lemuel_round_altar, uniq_terence
D:4:      layout_loops_ring, minmay_temple_entry_slanted,
          amcnicky_mini_rare_corridor_liquid, wad_orctagon
D:5:      layout_rooms

Skill      XL: |  1  2  3  4  5 |
---------------+----------------+-----
Dodging        | 2 3 |  3.6
Shapeshifting  | 3 |  3.8
Fighting       | 2 3 |  3.7
Unarmed Combat | |  2.9

Action                     |  1- 3 |  4- 6 || total
---------------------------+-------+-------++-------
  Melee: Unarmed           |    44 |       ||    44
         Dagger            |    75 |   125 ||   200
         Punch             |     3 |     6 ||     9
    Use: Potion            |       |     1 ||     1
   Stab: Sleeping          |     2 |       ||     2
 Armour: Animal skin       |    30 |     1 ||    31
         Scale mail        |       |    68 ||    68
         Skin              |       |    10 ||    10
  Dodge: Dodged            |    69 |    78 ||   147

Table legend: (Time is in decaauts)
 A = Elapsed time spent in this place.
 B = Non-inter-level travel time spent in this place.
 C = Inter-level travel time spent in this place.
 D = Time resting spent in this place.
 E = Time spent auto-exploring this place.
 F = Levels seen in this place.
 G = Mean time per level.
                   A        B        C        D        E       F      G
               +--------+--------+--------+--------+--------+-----+--------+
         Total |   4405 |   4168 |    237 |    505 |   3070 |   5 |  881.0 |
       Dungeon |   4405 |   4168 |    237 |    505 |   3070 |   5 |  881.0 |
               +--------+--------+--------+--------+--------+-----+--------+

Top non-repeatable levels by time:
     D:4: 1117 daAuts
     D:3: 1012 daAuts
     D:2: 999 daAuts
     D:1: 942 daAuts
     D:5: 333 daAuts
